 Dungeon Crawl Stone Soup version 0.30-a0-137-gd8773701ce (webtiles) character file.

Game seed: 2730164508216222358

527 IdlyInterested the Trooper (level 7, -3/59 HPs)
             Began as a Formicid Fighter on Sept 23, 2022.
             Slain by an ogre
             ... wielding a +0 giant club
              (16 damage)
             ... on level 5 of the Dungeon.
             The game lasted 00:11:48 (4921 turns).

IdlyInterested the Trooper (Formicid Fighter)       Turns: 4921, Time: 00:11:48

Health: -3/59      AC: 15    Str: 21    XL:     7   Next: 47%
Magic:  10/10      EV:  6    Int:  9    God:
Gold:   137        SH:  5    Dex: 13    Spells: 10/10 levels left

rFire   . . .      SeeInvis +    a - +2 rapier (flame)
rCold   . . .      Faith    .    c - +0 buckler
rNeg    . . .      Spirit   .    l - +0 plate armour
rPois   .          Reflect  .    (helmet unavailable)
rElec   .          Harm     .    k - +0 cloak
rCorr   .          Rampage  .    j - +0 pair of gloves
Will    .....                    f - +0 pair of boots
Stlth   ..........               (no amulet)
HPRegen 0.19/turn                (no ring)
MPRegen 0.12/turn                (no ring)

@: mighty
A: permanent stasis, dig shafts and tunnels, antennae 3, four strong arms
a: Dig, Shaft Self


You were on level 5 of the Dungeon.
You visited 1 branch of the dungeon, and saw 5 of its levels.
You also visited: Sewer.

You collected 137 gold pieces.

Inventory:

Hand Weapons
 a - a +2 rapier of flaming (weapon)
 r - a +2 short sword of freezing
Missiles
 e - 5 boomerangs (quivered)
 q - 2 poisoned darts
Armour
 c - a +0 buckler (worn)
 f - a +0 pair of boots (worn)
 j - a +0 pair of gloves (worn)
 k - a +0 cloak (worn)
 l - a +0 plate armour (worn)
Scrolls
 g - a scroll of identify
 m - 2 scrolls of brand weapon
 o - a scroll of silence
 s - a scroll of immolation
Potions
 b - a potion of haste {unknown}
 d - a potion of might
 h - a potion of curing
 i - a potion of attraction
 n - a potion of heal wounds {unknown}
 p - a potion of magic
 t - a potion of brilliance {unknown}
 u - 2 potions of cancellation {unknown}


   Skills:
 * Level 6.7 Fighting
 + Level 3.1 Short Blades
 - Level 4.0 Armour
 - Level 4.0 Stealth
 - Level 4.0 Shields
 * Level 2.0 Spellcasting


You had 10 spell levels left.
You didn't know any spells.
Your spell library contained the following spells:

 Spells                   Type           Power      Damage    Failure   Level
 Foxfire                  Conj/Fire      0%         2x1d4     100%        1
 Necrotise                Necr           0%         1d4       100%        1
 Cigotuvi's Dreadful Rot  Necr/Pois/Air  0%         N/A       100%        2
 Inner Flame              Hex/Fire       0%         N/A       100%        3
 Kindle Blastsparks       Fire/Tloc/Air  0%         2d10      100%        3
 Vampiric Draining        Necr           0%         2d6       100%        3
 Dispel Undead            Necr           0%         3d6       100%        4
 Flame Wave               Conj/Fire      0%         2d4       100%        4
 Agony                    Necr           0%         N/A       100%        5
 Death Channel            Necr           0%         N/A       100%        6


Dungeon Overview and Level Annotations

Branches:
Dungeon (5/15)              Sewer (visited)
 Temple: D:4-7

Altars:
Wu Jian

Shops:
D:1 =

Annotations:
D:5 Blork the orc


Innate Abilities, Weirdness & Mutations

You cannot be hasted, slowed, berserked, paralysed or teleported.
You can dig through walls and to a lower floor.
You have a pair of large antennae on your head. (SInv)
Your four strong arms can wield two-handed weapons with a shield.


Message History

You enter the shallow water.
Moving in this stuff is going to be slow.
You enter the shallow water.
Moving in this stuff is going to be slow.
You see here a scroll of teleportation.
v - a scroll of teleportation You enter the shallow water.
Moving in this stuff is going to be slow.
You enter the shallow water.
Moving in this stuff is going to be slow.
You enter the shallow water.
Moving in this stuff is going to be slow.
There is a gate leading back out of this place here.
Welcome back to the Dungeon!
Level annotation: Blork the orc
There is a collapsed entrance here.
You drop a scroll of teleportation.
You enter the shallow water.
Moving in this stuff is going to be slow.
You puncture the ogre! You burn the ogre.
The ogre is moderately wounded.
The ogre hits you with a +0 giant club!
There is a collapsed entrance here.
You see here a scroll of teleportation.
You hit the ogre. You burn the ogre.
The ogre is heavily wounded.
The ogre hits you with a +0 giant club!!
You hit the ogre. You burn the ogre.
The ogre is heavily wounded.
Blork the orc hits you from afar with a +3 halberd.
The ogre hits you with a +0 giant club!
* * * LOW HITPOINT WARNING * * *
You feel very mighty all of a sudden.
Blork the orc gestures wildly while chanting.
Blork the orc seems to speed up.
You hit the ogre. You burn the ogre.
The ogre is severely wounded.
Blork the orc hits you but does no damage.
The ogre hits you with a +0 giant club!
You die...

...## #.# ####
#.# #.#
##########.#
........รท..#
###.##'##.#
####.#~o~#.#
.....#~O~#.#
.....#~@~#.#
.....#~~~#...#
.....#~~~#..##
.....#####..#
...........##
####.#......
###.......
#........


You could see Blork the orc (fast) and an ogre.

Vanquished Creatures
  A scorpion (D:4)
  A hound (D:4)
  4 jellies (Sewer)
  An orc priest (D:3)
  An iguana (D:4)
  An orc wizard (D:4)
  3 gnolls (D:3)
  8 adders
  A river rat (Sewer)
  A worm (D:2)
  10 orcs
  12 ball pythons
  11 endoplasms
  15 giant cockroaches
  7 hobgoblins
  2 jackals (D:3)
  8 kobolds
  2 quokkas
  7 bats
  6 frilled lizards
  6 goblins
  5 rats
113 creatures vanquished.

Vanquished Creatures (others)
  An orc wizard (D:4)
1 creature vanquished.

Grand Total: 114 creatures vanquished

Notes
Turn   | Place    | Note
-------+----------+-------------------------------------------
     0 | D:1      | IdlyInterested the Formicid Fighter began the quest for the
                  | Orb.
     0 | D:1      | Reached XP level 1. HP: 18/18 MP: 1/1
   168 | D:1      | Reached skill level 1 in Stealth
   168 | D:1      | Reached XP level 2. HP: 18/24 MP: 2/2
   237 | D:1      | Found Nojeon's Jewellery Shop.
   614 | D:1      | Reached skill level 4 in Fighting
   723 | D:1      | Reached XP level 3. HP: 21/30 MP: 3/3
  1138 | D:2      | Found a faded altar of an unknown god.
  1139 | D:2      | Noticed a golden eye
  1144 | D:2      | Noticed a floating eye
  1160 | D:2      | Noticed a floating eye
  1162 | D:2      | Noticed a floating eye
  2442 | D:3      | Reached XP level 4. HP: 33/38 MP: 4/4
  2608 | D:3      | Reached skill level 5 in Fighting
  2806 | D:3      | Reached XP level 5. HP: 35/44 MP: 5/5
  3246 | D:4      | Reached XP level 6. HP: 32/52 MP: 6/6
  3765 | D:4      | Reached skill level 6 in Fighting
  3894 | D:4      | Found an ornate altar of the Wu Jian Council.
  4194 | D:5      | Entered Level 5 of the Dungeon
  4220 | D:5      | Found a glowing drain.
  4250 | D:5      | Noticed Blork the orc
  4251 | D:5      | Noticed an ogre
  4254 | Sewer    | Entered a sewer
  4344 | Sewer    | Reached XP level 7. HP: 53/58 MP: 6/8
  4357 | Sewer    | Reached skill level 1 in Spellcasting
  4622 | Sewer    | Found a viscous altar of Jiyva.
  4921 | D:5      | Slain by an ogre

Illustrated notes

Levels and vault maps discovered:
D:1:      minmay_arrival_split_and_join, layout_rooms, serial_shops,
          shop_statue, palyth_stone_intersect
D:2:      layout_basic, hellmonk_ecumenical_altar_watching_god
D:3:      layout_basic
D:4:      layout_loops_ring, nicolae_wu_jian_wuxing_cycle, serial_park_tiny_pond
D:5:      layout_basic, grunt_temple_overflow_open, gup_sewer_entry_glass,
          hangedman_abyss_or_decor_stagger, dreamdust_princess_corridor,
          uniq_blork_the_orc

Skill      XL: |  1  2  3  4  5  6  7 |
---------------+----------------------+-----
Stealth        | 1 2 3 4 |  4.0
Fighting       | 4 5 6 |  6.7
Armour         | 4 |  4.0
Spellcasting   | 2 |  2.0
Short Blades   | 3 |  3.1
Shields        | |  4.0

Action                   |  1- 3 |  4- 6 |  7- 9 || total
-------------------------+-------+-------+-------++-------
Melee: Rapier            |   151 |   189 |    70 ||   410
Throw: Boomerang         |       |     1 |       ||     1
  Use: Scroll            |     7 |     5 |       ||    12
       Potion            |     2 |       |     1 ||     3
Armor: Scale mail        |    19 |       |       ||    19
       Plate armour      |    79 |   118 |    54 ||   251
Dodge: Dodged            |    53 |    43 |    31 ||   127
Block: Buckler           |    32 |    29 |    21 ||    82

Table legend: (Time is in decaauts)
 A = Elapsed time spent in this place.
 B = Non-inter-level travel time spent in this place.
 C = Inter-level travel time spent in this place.
 D = Time resting spent in this place.
 E = Time spent auto-exploring this place.
 F = Levels seen in this place.
 G = Mean time per level.
                   A        B        C        D        E       F      G
               +--------+--------+--------+--------+--------+-----+--------+
         Total |   5004 |   4516 |    488 |   1037 |   2248 |   6 |  834.0 |
       Dungeon |   4305 |   3817 |    488 |    685 |   2202 |   5 |  861.0 |
         Sewer |    698 |    698 |      0 |    352 |     46 |   1 |  698.0 |
               +--------+--------+--------+--------+--------+-----+--------+

Top non-repeatable levels by time:
     D:2: 1166 daAuts
     D:1: 1065 daAuts
     D:3: 1020 daAuts
     D:4: 978 daAuts
   Sewer: 698 daAuts
     D:5: 75 daAuts
